[Event "*** Titled Tuesday Blitz"]
[Site "Chess.com"]
[Date "2020.04.07"]
[Round "3"]
[White "ChessicallyInclined"]
[Black "Resignify"]
[Result "1-0"]
[WhiteElo "2530"]
[BlackElo "2209"]
[TimeControl "180+1"]
[EndTime "13:30:37 PDT"]
[Termination "ChessicallyInclined won on time"]

1. d4 Nf6 2. c4 e6 3. Nc3 Bb4 4. e3 Bxc3+ 5. bxc3 c5 6. Bd3 d6 7.
Ne2 Nc6 8. O-O e5 9. e4 Nd7 10. Be3 b6 11. f4 f6 12. Ng3 g6 13. d5 Na5 14. f5 Qe7 15. Rf2 g5 16. Nh5 Ba6 17.
Qe2 Qf7 18. g4 O-O-O 19. h3 Qe7 20. Rh2 Rdf8 21. Kf2 Rf7 22. Rah1 h6 23. h4 Qe8 24. Ng3 Rhf8 25. hxg5 hxg5 26. Rh6 Nb8 27. Nf1 Qa4 28.
Nd2 Qxa2 29. Rh7 Qa4 30. Rxf7 Rxf7 31. Rh8+ Kb7 32. Kf3 Qd7 33. Qh2 Qe7 34. Qh6 Nd7 35. Qg6 Nf8 36. Qg8 Kc7 37. Bf2 Nb7 38. Nf1 Na5 39. Ne3 Bc8 40. Nf1 Ba6 41. Ne3 Bc8 42.
Be2 Ba6 43. Kg2 Bc8 44. Kf1 Ba6 45. Ke1 Bc8 46. Kd2 Ba6 47. Kd3 Qd7 48. Kd2 Bc8 49.
Nf1 Ba6 50. Ng3 Qe7 51. Nh5 Bc8 52. Ng7 Ba6 53. Ne6+ 1-0

[Event "*** Titled Tuesday Blitz"]
[Site "Chess.com"]
[Date "2020.04.07"]
[Round "3"]
[White "Dare-Dare"]
[Black "marianokar"]
[Result "0-1"]
[WhiteElo "2133"]
[BlackElo "2366"]
[TimeControl "180+1"]
[EndTime "13:30:37 PDT"]
[Termination "marianokar won on time"]

1. Nf3 Nf6 2. c4 e6 3. Nc3 d5 4. e3 Be7 5. b3 O-O 6. Bb2 c5 7. cxd5 exd5 8. d4 Nc6 9. Be2 a6 10. O-O Re8 11. Rc1 cxd4 12. Nxd4 Bd6 13. Na4 Ne5 14.
h3 b5 15. Nc5 Qe7 16. Nd3 Nxd3 17. Nc6 Qe6 18. Bxd3 Ne4 19. Qe2 Qg6 20. Kh1 Qh6 21.
Kg1 Bxh3 22. gxh3 Qxh3 23. f3 Re6 24. Rf2 Ng3 25. Rg2 Nxe2+ 26. Bxe2 Rxe3 27. Rxg7+ Kf8 28. Rg2 Rae8 29. Bg7+ Kg8 30. Bf6+ Qxg2+ 31. Kxg2 Rxe2+ 32. Kf1 R2e6 33. Bd4 Bf4 34. Rc2 f6 35. Rg2+ Kf7 36. Rc2 Kg6 37. Kf2 Kf5 38. Bb2 Be5 39. Nd4+ Bxd4+ 40.
Bxd4 h5 41. Kg3 Rg8+ 42. Kh4 Re1 43. Rh2 Rf1 44. Rh3 Rd1 45. Bc5 d4 46. Bb4 d3 47.
Rh2 Kf4 0-1

[Event "*** Titled Tuesday Blitz"]
[Site "Chess.com"]
[Date "2020.04.07"]
[Round "3"]
[White "dmosesov"]
[Black "AryanTari"]
[Result "0-1"]
[WhiteElo "2487"]
[BlackElo "2882"]
[TimeControl "180+1"]
[EndTime "13:30:38 PDT"]
[Termination "AryanTari won by resignation"]

1. d4 Nf6 2. Nf3 d5 3. c4 e6 4.
Nc3 Bb4 5. Qb3 a5 6. Bg5 c6 7. e3 Nbd7 8. a3 Be7 9. Qc2 O-O 10.
Bd3 dxc4 11. Bxc4 b5 12. Bd3 Bb7 13. O-O b4 14. Ne4 c5 15. Bxf6 Bxf6 16. dxc5 Rc8 17.
axb4 axb4 18. Rfd1 Qe7 19. Ra7 Bxe4 20. Bxe4 Qxc5 21.
Bxh7+ Kh8 22. Raxd7 Qxc2 23. Bxc2 Rxc2 24. b3 Rb2 25.
R7d3 Bc3 26. Ng5 Rxb3 27. Ne4 Ra8 28. h4 Kg8 29. Ng5 Rf8 30. g4 Ra3 31. Rd8 Bf6 32. Rxf8+ Kxf8 33. Nh7+ Ke7 34. Nxf6 gxf6 35. Rb1 b3 36. Kg2 Ra4 37. Kg3 Rb4 38. Rb2 Kf8 39. h5 Kg7 40. f4 Kh6 41. Kh4 Rb5 42. Kg3 f5 43. gxf5 exf5 44. Kh4 f6 45. Kg3 Kxh5 46.
Kf3 Rb4 47. Kg3 Kg6 48. Kf3 Rb7 49.
Ke2 Kh5 50. Kd3 Kg4 51. Ke2 Kg3 52. Kd3 Kf3 53. Kd4 Rb8 54. Kd5 Kxe3 55. Ke6 Kxf4 0-1

[Event "*** Titled Tuesday Blitz"]
[Site "Chess.com"]
[Date "2020.04.07"]
[Round "3"]
[White "rubhani"]
[Black "Gabrielian_Artur"]
[Result "0-1"]
[WhiteElo "2461"]
[BlackElo "2739"]
[TimeControl "180+1"]
[EndTime "13:30:38 PDT"]
[Termination "Gabrielian_Artur won by resignation"]

1. e4 c5 2. Nf3 d6 3. d4 cxd4 4. Nxd4 Nf6 5. Nc3 Nc6 6. Bg5 e6 7. Qd2 a6 8. O-O-O Bd7 9. f3 Be7 10. Kb1 Nxd4 11. Qxd4 b5 12. h4 Qc7 13. Qd2 b4 14. Ne2 a5 15. Nd4 Rb8 16. g4 a4 17. Be3 a3 18. b3 O-O 19. g5 Nh5 20. Rg1 Rfc8 21. f4 Qc3 22. Qxc3 Rxc3 23. Bd2 Rc7 24.
f5 g6 25. Bc4 exf5 26. exf5 gxf5 27. Rdf1 Ng7 28. h5 d5 29. Bxd5 Bc5 30. Bf4 Bxd4 31.
Bxc7 Rc8 32. Bd6 Bxg1 33. Rxg1 Nxh5 34. Bxb4 Nf4 35. Bc4 Be6 36. Rf1 Ng6 37. Bxe6 fxe6 38. Bxa3 f4 39. c4 e5 40. Kc2 Kf7 41. Kd3 Rd8+ 42. Ke2 Ke6 43. Bc5 e4 44. a4 f3+ 45.
Ke3 Kf5 46. a5 Rd3+ 47. Kf2 Rxb3 48. Ra1 Rb2+ 49. Ke3 Re2+ 50. Kd4 f2 51. Rf1 e3 52. Kd3 Re1 0-1

[Event "*** Titled Tuesday Blitz"]
[Site "Chess.com"]
[Date "2020.04.07"]
[Round "3"]
[White "sergoy"]
[Black "DrVelja"]
[Result "1-0"]
[WhiteElo "2865"]
[BlackElo "2630"]
[TimeControl "180+1"]
[EndTime "13:30:39 PDT"]
[Termination "sergoy won by resignation"]

1. d4 Nf6 2. c4 g6 3. Nf3 Bg7 4. Nc3 d5 5. Qb3 dxc4 6. Qxc4 Be6 7. Qb5+ Bd7 8. Qb3 c5 9. d5 b5 10. Nxb5 Bxb5 11. Qxb5+ Nbd7 12. e3 O-O 13. Be2 Nxd5 14. O-O Rb8 15. Qc4 e6 16. e4 Rb4 17.
Qc2 Ne7 18. Rb1 Nc6 19. a3 Rb6 20. b4 Nd4 21. Qd1 Nxe2+ 22. Qxe2 cxb4 23. axb4 Qb8 24. Be3 Rxb4 25. Bxa7 Qb7 26. Rxb4 Qxb4 27. Rd1 Nc5 28. Bxc5 Qxc5 29. g3 g5 30. Kg2 h6 31. h3 Qc7 32.
Rb1 Rb8 33. Rxb8+ Qxb8 34. Qc4 Qb7 35. Qd3 Qc6 36. g4 Bf6 37. Qe3 Kg7 38. Ng1 Be5 39. Ne2 Qd6 40. Kf3 Kg6 41. Kg2 Qc7 42. Qd3 Qc6 43.
Ng1 f5 44. Nf3 Bf4 45. exf5+ exf5 46. Qxf5+ Kg7 47. Qd3 Kf6 48. h4 gxh4 49. Qf5+ Kg7 50. Qxf4 1-0

[Event "*** Titled Tuesday Blitz"]
[Site "Chess.com"]
[Date "2020.04.07"]
[Round "3"]
[White "LawrenceTrent"]
[Black "picturesquecheck"]
[Result "1-0"]
[WhiteElo "2513"]
[BlackElo "2139"]
[TimeControl "180+1"]
[EndTime "13:30:39 PDT"]
[Termination "LawrenceTrent won by resignation"]

1. d4 f5 2. Nc3 Nf6 3. Bg5 d5 4. Bxf6 exf6 5. e3 c6 6. Qf3 g6 7. h4 Bb4 8. Bd3 Qe7 9. Ne2 Nd7 10. h5 O-O 11. hxg6 hxg6 12. g4 Rf7 13. gxf5 g5 14. Qh5 Rh7 15. Qg6+ Kh8 16. Rxh7+ Qxh7 17. Qe8+ Qg8 18.
Qxg8+ Kxg8 19. O-O-O Nb6 20. Ng3 Nc4 21. Rh1 Bxc3 22.
bxc3 Nd6 23. Rh6 Kg7 24. Rg6+ Kf7 25. Nh5 Ne8 26. f4 gxf4 27. Nxf4 Ng7 28. Rh6 Bxf5 29. Bxf5 Nxf5 30. Rh7+ Kg8 31. Rxb7 Nxe3 32. Rc7 f5 33. Rxc6 Kf7 34. Ng6 Rg8 35. Ne5+ Ke7 36. Rc7+ Ke6 37.
Rxa7 Nc4 38. Ra6+ Ke7 39. Nxc4 dxc4 40. Rc6 Rg1+ 41. Kd2 Rg2+ 42. Kd1 Rg1+ 43. Ke2 Rg2+ 44. Kf3 Rxc2 45. Rxc4 Rxa2 46. Rc6 Kd7 47. d5 Rc2 48. c4 Rd2 49. Kf4 Rf2+ 50. Ke5 f4 51. Rf6 f3 52. Rf7+ Ke8 53. Rf4 Re2+ 54. Kd6 f2 55. c5 Rd2 56. c6 Rc2 57. c7 Rc3 58.
Rxf2 1-0

[Event "*** Titled Tuesday Blitz"]
[Site "Chess.com"]
[Date "2020.04.07"]
[Round "3"]
[White "MixMasterChess"]
[Black "Everyfishknows"]
[Result "0-1"]
[WhiteElo "2102"]
[BlackElo "2352"]
[TimeControl "180+1"]
[EndTime "13:30:39 PDT"]
[Termination "Everyfishknows won on time"]

1. e4 e5 2. Nc3 Nf6 3. g3 Nc6 4.
Bg2 Be7 5. Nge2 O-O 6. O-O d6 7. d3 h6 8. h3 Be6 9. Be3 d5 10.
exd5 Nxd5 11. Bd2 f5 12. f4 Bf6 13. Rb1 Qd7 14. Kh2 Rae8 15. fxe5 Bxe5 16. Nf4 Nxf4 17. Bxf4 Bxf4 18. Rxf4 g5 19. Rf1 Kg7 20. Qd2 b6 21.
Rbe1 Nd4 22. Ne2 Nxe2 23. Rxe2 Bd5 24. Rfe1 Bxg2 25. Kxg2 Qd5+ 26. Kh2 Rxe2+ 27. Qxe2 Rf7 28. Qe5+ Qxe5 29. Rxe5 Kf6 30. d4 Rd7 31. c3 c5 32.
g4 fxg4 33. hxg4 cxd4 34. Rf5+ Kg6 35. cxd4 Rxd4 36. Rf2 Rxg4 37. Rc2 Rf4 38. Kg3 h5 39. a3 h4+ 40. Kg2 Re4 41. Kf3 Rf4+ 42. Kg2 Rd4 43. Kf3 g4+ 44. Ke3 Rd6 45. Rc7 Rf6 46. Rc8 Kg7 47. Rc7+ Kh6 48. Rc8 g3 49. Rh8+ Kg5 50.
Rg8+ Kh5 51. b4 Rg6 52. Rh8+ Kg4 53. Rf8 g2 54. Kf2 h3 55. Kg1 Kg3 0-1

[Event "*** Titled Tuesday Blitz"]
[Site "Chess.com"]
[Date "2020.04.07"]
[Round "3"]
[White "Sam_ChessMood"]
[Black "Harut-1998"]
[Result "1-0"]
[WhiteElo "2919"]
[BlackElo "2650"]
[TimeControl "180+1"]
[EndTime "13:30:41 PDT"]
[Termination "Sam_ChessMood won by resignation"]

1. e4 e5 2. Nf3 Nc6 3. Bb5 a6 4. Ba4 Nf6 5. O-O Be7 6. Re1 b5 7. Bb3 d6 8. c3 O-O 9. h3 Bb7 10. d4 Re8 11. Nbd2 Bf8 12. a4 Na5 13. Bc2 c5 14. d5 Qc7 15. b4 cxb4 16. cxb4 Nc4 17. Nxc4 Qxc4 18. Rb1 Qc7 19. axb5 axb5 20. Bd3 Reb8 21.
Qe2 Qd7 22. Bxb5 Qd8 23. Bd3 Bc8 24. b5 Nd7 25. Be3 Nb6 26. Rec1 Bd7 27. Nd2 Be7 28.
Nc4 Nxc4 29. Bxc4 Bg5 30. Qd2 Bxe3 31. Qxe3 Rb6 32. Rb2 Rc8 33. Bd3 Rcb8 34. Rcb1 h6 35. Kh2 Qe8 36. Rb4 Qd8 37. R1b2 Qc7 38. Rc2 Qd8 39.
Be2 Qe8 40. Rcb2 Kh7 41. Bg4 Rxb5 42. Rxb5 Rxb5 43. Rxb5 Bxb5 44. Qb6 Bd3 45. Qxd6 Bxe4 46. Qc5 f5 47. Be2 Qg6 48. f3 f4 49. fxe4 Qg3+ 50. Kg1 Qe1+ 51. Bf1 Qd2 52. d6 g5 53. Qxe5 Qe3+ 54. Kh1 Qe1 55. Qb5 Qxe4 56. Qd3 Qxd3 57. Bxd3+ Kg7 58. d7 1-0

[Event "*** Titled Tuesday Blitz"]
[Site "Chess.com"]
[Date "2020.04.07"]
[Round "3"]
[White "kuli4ik"]
[Black "nurgyulsalimova"]
[Result "0-1"]
[WhiteElo "2780"]
[BlackElo "2562"]
[TimeControl "180+1"]
[EndTime "13:30:41 PDT"]
[Termination "nurgyulsalimova won by checkmate"]

1. Nf3 Nf6 2. g3 d5 3. Bg2 e6 4. O-O Be7 5. c4 O-O 6. cxd5 exd5 7. d3 c5 8. Qc2 Nc6 9. a3 Bg4 10. Nbd2 Rc8 11. h3 Be6 12. b3 Qd7 13. Kh2 h6 14. Bb2 b6 15. Rac1 d4 16. Rfe1 Rfe8 17. Qb1 Nd5 18. Nc4 Bf6 19. Qc2 Bf5 20. Rcd1 b5 21.
Ncd2 Nc3 22. Ra1 a5 23. e4 dxe3 24. Bxc3 Bxc3 25. Qxc3 exd2 26. Rxe8+ Rxe8 27. Nxd2 Re2 28. Qxc5 Rxd2 29. Bxc6 Qxd3 30. Re1 Kh7 31. Kg2 Bg6 32. Qe3 Qxe3 33. Rxe3 b4 34. axb4 axb4 35. Bd5 Rxd5 36.
g4 Rd3 37. Re5 Rxb3 38. f4 Rb2+ 39. Kg3 Bc2 40. Re7 f6 41. Rb7 b3 42. Kh4 Rb1 43. f5 Re1 44. Kh5 Rh1 45. Kh4 Bd1 46.
Rb6 Rh2 47. Rb7 b2 48. Kg3 Rd2 49. Kh4 Be2 50. Kh5 Bd3 51. h4 b1=Q 52. g5 Qxb7 53. g6+ Kg8 54. Kg4 Qe4+ 55. Kh5 Qxf5# 0-1

[Event "*** Titled Tuesday Blitz"]
[Site "Chess.com"]
[Date "2020.04.07"]
[Round "3"]
[White "Philosopherrr"]
[Black "WiniVidiVici"]
[Result "1-0"]
[WhiteElo "2413"]
[BlackElo "2742"]
[TimeControl "180+1"]
[EndTime "13:30:42 PDT"]
[Termination "Philosopherrr won by resignation"]

1. d4 Nf6 2. Nf3 e6 3. Bf4 d5 4. e3 Bd6 5. Ne5 c5 6. Bb5+ Kf8 7. c3 Qc7 8. Bg3 Nbd7 9. Bxd7 Nxd7 10. Nxd7+ Bxd7 11. Nd2 g6 12. dxc5 Bxg3 13. hxg3 Qxc5 14. Nf3 Kg7 15. Qd4+ Qxd4 16. exd4 f6 17. Kd2 h5 18. Rhe1 Rhe8 19. Re3 a5 20. Ne1 g5 21. Nd3 b6 22.
f4 g4 23. f5 exf5 24. Nf4 Rxe3 25. Kxe3 Be8 26. Nxd5 Bf7 27. Nf4 Re8+ 28. Kd2 Kh6 29. b3 Kg5 30. Rh1 Re4 31. Nd3 a4 32. bxa4 Bxa2 33.
Ra1 Bc4 34. Rb1 h4 35. gxh4+ Kxh4 36. Rxb6 Kg3 37. Rxf6 f4 38. Rg6 Re3 39. Ne5 Be2 40.
a5 Kxg2 41. Nxg4 Bxg4 42. Rxg4+ Kf3 43. Rg8 Re2+ 44. Kd3 Ra2 45. d5 Rxa5 46. Kd4 Ra1 47.
c4 Rd1+ 48. Kc5 Ke4 49. Re8+ Kf5 50. Rf8+ Ke5 51. Kc6 Rd4 52. Re8+ Kf5 53. c5 f3 54.
Rf8+ Kg4 55. d6 Rf4 56. Rxf4+ Kxf4 57. d7 1-0

[Event "*** Titled Tuesday Blitz"]
[Site "Chess.com"]
[Date "2020.04.07"]
[Round "3"]
[White "dachessmandan"]
[Black "Mr_Sinigami"]
[Result "0-1"]
[WhiteElo "2384"]
[BlackElo "2610"]
[TimeControl "180+1"]
[EndTime "13:30:43 PDT"]
[Termination "Mr_Sinigami won by resignation"]

1. d4 Nf6 2. Bf4 c5 3. e3 e6 4. c3 d5 5. Nd2 Nc6 6. Ngf3 Bd6 7.
Bg3 O-O 8. Bb5 Ne7 9. Bd3 Nf5 10. O-O Nxg3 11. hxg3 b6 12. e4 dxe4 13. Nxe4 Nxe4 14. Bxe4 Rb8 15. Ne5 Bxe5 16. dxe5 Ba6 17. Qxd8 Rfxd8 18. Rfd1 Be2 19. Rd6 Rxd6 20. exd6 Rd8 21. Re1 Bh5 22. g4 Bg6 23. Bxg6 hxg6 24. Rd1 e5 25. f3 f6 26. Kf2 Kf7 27. b4 c4 28. Ke3 Ke6 29. Rh1 Rxd6 30. Rc1 Rd3+ 31. Ke2 f5 32. gxf5+ gxf5 33. a4 f4 34. b5 g5 35. Rc2 Kf5 36. Rc1 e4 37. fxe4+ Kxe4 38. Rh1 Rxc3 39. Rh7 Rc2+ 40. Kd1 Rxg2 41. Rxa7 g4 42. Re7+ Kf3 43. a5 bxa5 44. b6 Rb2 45. b7 g3 46. Kc1 c3 47. Rc7 Rb6 48. Rxc3+ Kg4 49. Rc7 g2 50. Kc2 Kf3 51. Rg7 Kf2 52. Kc3 g1=Q 53. Rf7 f3 54. Kc4 Qc1+ 55. Kd5 Qc6+ 56. Ke5 Qe6+ 57. Kd4 Qxf7 58. b8=N Rd6+ 59. Kc5 Qc7+ 60. Kb5 Rb6+ 61. Ka4 Rb4+ 62. Ka3 Qc3+ 63. Ka2 Rb2+ 0-1

[Event "*** Titled Tuesday Blitz"]
[Site "Chess.com"]
[Date "2020.04.07"]
[Round "3"]
[White "Nastya_Rakhmangulova"]
[Black "temus_galaktionov"]
[Result "0-1"]
[WhiteElo "2356"]
[BlackElo "2746"]
[TimeControl "180+1"]
[EndTime "13:30:44 PDT"]
[Termination "temus_galaktionov won by resignation"]

1. e4 c6 2. d4 g6 3. Nc3 Bg7 4. f4 d6 5. Nf3 Nd7 6. Be2 e5 7. dxe5 dxe5 8. fxe5 Nxe5 9. Qxd8+ Kxd8 10. Bg5+ Kc7 11. O-O-O Be6 12. Bf4 f6 13. Bxe5+ fxe5 14. Ng5 Re8 15. Rhf1 Nf6 16. Nxe6+ Rxe6 17. Bc4 Re7 18.
h3 Rd8 19. Rxd8 Kxd8 20. Rd1+ Kc7 21. a4 Bh6+ 22. Kb1 Be3 23. Rf1 Nh5 24. Rf7 Rxf7 25. Bxf7 Nf4 26. Bg8 h6 27. Bf7 g5 28. g3 Nxh3 29.
Nd1 Bc5 30. Be6 Ng1 31. Bg4 Kd6 32. c3 a5 33. Kc2 Ke7 34. Kd3 b5 35. axb5 cxb5 36.
Ne3 Kf6 37. Nd5+ Kg6 38. Nc7 h5 39. Bf5+ Kf6 40. Nxb5 g4 41. Nc7 Bf2 42. Nd5+ Kg7 43.
b4 axb4 44. cxb4 Bxg3 45. b5 Bf2 46. Ne3 Nf3 47. b6 Nd4 48. Bd7 Nb3 49. Nf5+ Kf6 50.
Kc4 Bxb6 51. Kxb3 Kg5 52. Bb5 h4 53. Bf1 h3 54. Kc2 Kf4 55. Kd3 Kf3 56. Be2+ Kf4 57. Bf1 Bg1 58. Be2 g3 59. Bf1 g2 60. Bxg2 hxg2 61.
Nh4 Kg3 62. Nxg2 Kxg2 63. Kc4 Bd4 64. Kd5 Kf3 0-1

[Event "*** Titled Tuesday Blitz"]
[Site "Chess.com"]
[Date "2020.04.07"]
[Round "3"]
[White "cassoulet"]
[Black "elohunter1999"]
[Result "0-1"]
[WhiteElo "2728"]
[BlackElo "2477"]
[TimeControl "180+1"]
[EndTime "13:30:44 PDT"]
[Termination "elohunter1999 won by checkmate"]

1. e4 c5 2. Nf3 Nc6 3. Bb5 g6 4. O-O Bg7 5. Re1 Nf6 6. c3 O-O 7. h3 Qb6 8. Bf1 e5 9. d3 h6 10. Na3 d5 11. exd5 Nxd5 12. Nc4 Qc7 13. Bd2 b6 14. a4 Bb7 15. Qb3 Rad8 16. a5 Rfe8 17. axb6 axb6 18. Nh2 f5 19. Ne3 Na5 20. Qa2 Kh7 21.
Nxd5 Bxd5 22. c4 Bxc4 23. Qa3 Bd5 24. Bxa5 Ra8 25. b4 cxb4 26. Qxb4 bxa5 27. Qb5 Bc6 28. Qc4 Qd7 29. Rec1 Bb5 30. Qc7 Qxc7 31. Rxc7 a4 32. Nf3 g5 33. d4 Bxf1 34. Kxf1 exd4 35. Rb1 a3 36. Rbb7 Rg8 37. Nxd4 a2 38. Nc2 a1=Q+ 39.
Nxa1 Rxa1+ 40. Ke2 Ra6 41. g3 Rg6 42. Kf3 h5 43. Kg2 Kh6 44. Rf7 Rf6 45. Rfd7 g4 46. h4 f4 47. Rd5 fxg3 48. fxg3 Rgf8 49. Rb2 Rf5 50. Rd6+ R8f6 51. Rdd2 Re6 52. Rb7 Rf3 53. Rdd7 Re2+ 54. Kg1 Rc3 55. Kf1 Ra2 56. Rd1 Rca3 57. Rd6+ Kh7 58. Rdd7 Ra1+ 59. Ke2 R1a2+ 60. Kd1 Ra1+ 61.
Ke2 R3a2+ 62. Ke3 Re1+ 63. Kf4 Rf2+ 64. Kg5 Re5# 0-1

[Event "*** Titled Tuesday Blitz"]
[Site "Chess.com"]
[Date "2020.04.07"]
[Round "3"]
[White "nihalsarin"]
[Black "artooon"]
[Result "1-0"]
[WhiteElo "3083"]
[BlackElo "2715"]
[TimeControl "180+1"]
[EndTime "13:30:45 PDT"]
[Termination "nihalsarin won by checkmate"]

1. Nf3 Nf6 2. c4 e6 3. g3 d5 4. Bg2 Be7 5. O-O O-O 6. b3 d4 7. e3 c5 8. Bb2 Nc6 9. exd4 cxd4 10. Re1 a5 11. Na3 Re8 12. Nb5 Bc5 13. Ne5 Bd7 14.
Nxd7 Qxd7 15. d3 e5 16. a3 Re7 17. Bc1 h6 18. Bd2 Rae8 19. f3 Qf5 20. Qe2 Qg6 21.
Kh1 h5 22. Rab1 h4 23. b4 axb4 24. axb4 Ba7 25. gxh4 Nh5 26. Qe4 f5 27. Qd5+ Kh7 28.
Nxa7 Nxa7 29. Bg5 Re6 30. Qxb7 Nc6 31. b5 Nd8 32. Qc7 Nf7 33. Bd2 Nf4 34. Bxf4 exf4 35.
Rxe6 Rxe6 36. Qxf4 Re2 37. Rg1 Ne5 38. Bf1 Re1 39.
Rxg6 Nxg6 40. Qxd4 Rxf1+ 41. Kg2 Rb1 42. h5 Nf8 43.
Qc5 Kg8 44. Qd5+ Kh8 45. Qxf5 Kg8 46. d4 Rb2+ 47. Kg3 Rd2 48. b6 Rxd4 49. b7 Rd8 50. Qc8 Ne6 51. Qxe6+ Kh8 52. Qc8 Rxc8 53. bxc8=Q+ Kh7 54. Qe8 Kh6 55. Qg6# 1-0

[Event "*** Titled Tuesday Blitz"]
[Site "Chess.com"]
[Date "2020.04.07"]
[Round "3"]
[White "wonderfultime"]
[Black "moro182"]
[Result "0-1"]
[WhiteElo "2960"]
[BlackElo "2696"]
[TimeControl "180+1"]
[EndTime "13:30:45 PDT"]
[Termination "moro182 won by resignation"]

1. d4 d5 2. Nf3 Nf6 3. Bf4 c5 4. c3 Nc6 5. e3 e6 6. Nbd2 Bd6 7. Bg3 O-O 8. Bb5 Be7 9. Bd3 c4 10. Bc2 b5 11. a3 a5 12. O-O Bb7 13. e4 dxe4 14.
Nxe4 Nxe4 15. Bxe4 f5 16. Bxc6 Bxc6 17. Qe2 Qd5 18.
Rfe1 Qe4 19. Qxe4 Bxe4 20. Ne5 Bd5 21. f3 Rfd8 22. Bf4 b4 23. axb4 axb4 24. Rxa8 Rxa8 25.
Nd7 Ra2 26. Nb6 Kf7 27. Nxd5 exd5 28. Rb1 bxc3 29. bxc3 g5 30. Bg3 Rc2 31. Be1 g4 32. fxg4 fxg4 33. Rb7 Ke6 34. Rb6+ Kf5 35. Kf1 Bg5 36. Rb8 Ke4 37. Rg8 h6 38. h4 gxh3 39.
gxh3 Kd3 40. h4 Bf4 41. Rf8 Be3 42. Rf3 Rc1 43. Rh3 h5 44. Rg3 Ke4 45. Ke2 Rc2+ 46.
Kd1 Ra2 47. Rg5 Kd3 0-1

[Event "*** Titled Tuesday Blitz"]
[Site "Chess.com"]
[Date "2020.04.07"]
[Round "3"]
[White "Mikhail_Golubev"]
[Black "GMHess"]
[Result "0-1"]
[WhiteElo "2516"]
[BlackElo "2771"]
[TimeControl "180+1"]
[EndTime "13:30:45 PDT"]
[Termination "GMHess won on time"]

1. e4 g6 2. d4 Bg7 3. c4 a6 4. Nc3 d6 5. Be2 Nc6 6. Be3 e5 7. Nf3 Bg4 8. d5 Bxf3 9. Bxf3 Nd4 10. O-O Ne7 11. Bxd4 exd4 12. Ne2 c5 13. dxc6 Nxc6 14.
g3 O-O 15. Bg2 Qa5 16. Nc1 Ne5 17. Nb3 Qb4 18. Rc1 Nxc4 19. a3 Qa4 20. Nxd4 Nxb2 21. Qxa4 Nxa4 22. Nb3 Nc3 23. Rc2 Rac8 24. f4 b5 25.
Rfc1 Rc4 26. e5 Rfc8 27. exd6 Rd8 28. Rd2 Bf8 29. d7 Bxa3 30. Re1 Kf8 31. Na5 Rc7 32. Bc6 Be7 33. Rd3 Na4 34. Kg2 Nc5 35. Rde3 Ne6 36.
Rxe6 fxe6 37. Rxe6 b4 38. Ba4 Rdxd7 39. Bxd7 Rxd7 40. Rxa6 Rd2+ 41. Kf3 Ra2 42. Ra8+ Kf7 43. Ra7 b3 44. Rb7 Rxa5 45. Rxb3 h5 0-1

[Event "*** Titled Tuesday Blitz"]
[Site "Chess.com"]
[Date "2020.04.07"]
[Round "3"]
[White "MFguimaraes"]
[Black "MartinCerveny"]
[Result "0-1"]
[WhiteElo "2403"]
[BlackElo "2630"]
[TimeControl "180+1"]
[EndTime "13:30:45 PDT"]
[Termination "MartinCerveny won by resignation"]

1. e4 c5 2. Nf3 d6 3. Bb5+ Nd7 4. c3 Nf6 5. d3 g6 6. O-O Bg7 7. Nbd2 a6 8. Ba4 b5 9. Bc2 Bb7 10. Re1 e5 11. a4 O-O 12. h3 Qc7 13. Nf1 Rfe8 14. axb5 axb5 15. Rxa8 Bxa8 16. Bb3 c4 17. dxc4 bxc4 18. Bc2 Nc5 19. Ng3 h6 20. Nd2 Ne6 21. Qe2 Rc8 22. Ndf1 Bb7 23. Rd1 d5 24.
exd5 Nxd5 25. Be4 Ndf4 26. Qf3 Bxe4 27. Qxe4 f5 28. Qe1 e4 29. Bxf4 Nxf4 30. Ne3 Nd3 31. Qe2 Qc6 32. Nexf5 gxf5 33. Nxf5 Qe6 34. Qg4 Rc7 35.
Rd2 Kh7 36. Re2 Qg6 37. Qxe4 Be5 38. h4 Ra7 39. g3 h5 40. Kh2 Bf6 41. b4 Ne5 42. f3 Rd7 43. Nd4 Qxe4 44. Rxe4 Kg6 45. f4 Ng4+ 46. Kg2 Bxd4 47. Rxd4 Rxd4 48. cxd4 Kf5 49.
b5 Ne3+ 50. Kf3 Nd5 51. Ke2 Ke4 52. Kd2 Kxd4 53. f5 Ke5 54. g4 hxg4 55. h5 Kxf5 0-1

[Event "*** Titled Tuesday Blitz"]
[Site "Chess.com"]
[Date "2020.04.07"]
[Round "3"]
[White "guilhermedeola"]
[Black "Tomytoteph"]
[Result "0-1"]
[WhiteElo "2031"]
[BlackElo "2336"]
[TimeControl "180+1"]
[EndTime "13:30:45 PDT"]
[Termination "Tomytoteph won on time"]

1. c4 c6 2. Nc3 d5 3. cxd5 cxd5 4. d4 Nf6 5. g3 Nc6 6. Bg2 Bf5 7. a3 a6 8. e3 e6 9. Nge2 Be7 10. O-O O-O 11.
Bd2 Na5 12. Rc1 Nc4 13. Na4 b5 14. Nf4 bxa4 15. Rxc4 dxc4 16. Bxa8 Qxa8 17. Qxa4 Rc8 18. Bc3 Ne4 19. Qd7 Bf6 20. Bb4 Ng5 21. d5 Rd8 22. Qc6 exd5 23. Qxa8 Rxa8 24. Nxd5 Bxb2 25. Ne7+ Kh8 26.
Nxf5 c3 27. Nd4 a5 28. Be7 Ne4 29. Nc2 Nd2 30. Rd1 Rc8 31. e4 Nxe4 32. Rd8+ Rxd8 33. Bxd8 Kg8 34. Bxa5 Kf8 35. Bb6 Ke7 36. a4 Kd7 37. a5 Kc6 38. Nd4+ Kb7 39. Kf1 Nd6 40. Ke2 Nc4 41.
Bd8 Ka6 42. Kd3 Nxa5 43. Bxa5 Kxa5 44. Kc2 Kb4 45. Nf5 g6 46. Nd6 f5 47. Nf7 Kc4 48. Ng5 h5 49. Nf3 Kd5 50. Nh4 g5 51. Nxf5 Ke4 52.
Ng7 h4 53. gxh4 gxh4 54. Nh5 Kf3 55. Nf6 Kxf2 56. Ng4+ Kg2 57. Kd3 Kh3 0-1

[Event "*** Titled Tuesday Blitz"]
[Site "Chess.com"]
[Date "2020.04.07"]
[Round "3"]
[White "RD4ever"]
[Black "VincentKeymer"]
[Result "0-1"]
[WhiteElo "2846"]
[BlackElo "2653"]
[TimeControl "180+1"]
[EndTime "13:30:46 PDT"]
[Termination "VincentKeymer won by resignation"]

1. e4 c5 2. Nf3 d6 3. d4 cxd4 4. Nxd4 Nf6 5. Nc3 a6 6. Bd3 e5 7. Nde2 Be7 8. O-O O-O 9. Ng3 Be6 10. Nd5 Bxd5 11. exd5 g6 12. c4 Nbd7 13. Bh6 Re8 14. Rc1 a5 15. b3 Bf8 16. Bg5 h6 17. Bd2 Nc5 18. Bb1 Qb6 19. Bc2 Qa6 20. Qe2 h5 21. Rfe1 Bg7 22. h3 Rab8 23. a3 b5 24. b4 axb4 25.
axb4 Ncd7 26. Bd3 bxc4 27. Bxc4 Qb7 28. Qd3 h4 29. Ne4 Nxe4 30. Qxe4 Nf6 31. Qxh4 Nxd5 32.
b5 Nb6 33. Bf1 d5 34. Rc6 e4 35. Rb1 Rbc8 36. Ba5 Nc4 37. Rxc8 Rxc8 38. Be1 d4 39.
Rc1 Nd6 40. Rxc8+ Qxc8 41. Qe7 Qe6 42. Qxe6 fxe6 43. Bb4 Be5 44. b6 d3 45. f3 Nc4 46.
fxe4 d2 47. Be2 Bd4+ 48. Kh2 Bxb6 49. g4 Bc7+ 50. Kg2 Bd6 51. Bc3 Be5 52. Bb4 d1=Q 53. Bxd1 Ne3+ 54. Kf3 Nxd1 55. Ke2 Nb2 56. Ke3 Nc4+ 57.
Kd3 Nd6 58. h4 Kf7 59. Bd2 Ne8 60. h5 Nf6 61. hxg6+ Kxg6 62. g5 Nh7 63. Kc4 Nxg5 64. Kd3 0-1

[Event "*** Titled Tuesday Blitz"]
[Site "Chess.com"]
[Date "2020.04.07"]
[Round "3"]
[White "pedroholly22"]
[Black "VitaliyBernadskiy"]
[Result "0-1"]
[WhiteElo "2329"]
[BlackElo "2737"]
[TimeControl "180+1"]
[EndTime "13:30:46 PDT"]
[Termination "VitaliyBernadskiy won on time"]

1. e4 c5 2. Nf3 d6 3. d4 cxd4 4. Nxd4 Nf6 5. Nc3 a6 6. Rg1 Nc6 7. Nb3 g6 8. g4 Bg7 9. Be3 Be6 10. f3 Rc8 11. Qd2 O-O 12. O-O-O b5 13. Kb1 Ne5 14. Be2 b4 15. Nd5 Bxd5 16. exd5 a5 17. f4 Nc4 18. Bxc4 Rxc4 19. Qd3 Rc8 20. g5 Nd7 21. Nd4 Nc5 22. Qe2 Na4 23. Qb5 Qe8 24. Qxa5 Ra8 25. Qc7 Nxb2 26. Nc6 Nxd1 27. Rxd1 Kh8 28. h4 Ra3 29. Bc1 Qa8 30. Bxa3 Qxa3 31. Nd4 b3 32. cxb3 Ra8 33. Qc2 h5 34. gxh6 Bf6 35. h5 Rg8 36.
hxg6 Rxg6 37. Qc8+ Rg8 38. Qc2 Qa5 39. Nf5 Qb6 40.
Ng7 Qb5 41. Nh5 Qb4 42. Nxf6 exf6 43. Qf5 Qc3 44. Rc1 Qd4 45. h7 Re8 0-1

[Event "*** Titled Tuesday Blitz"]
[Site "Chess.com"]
[Date "2020.04.07"]
[Round "3"]
[White "Vaathi_Coming"]
[Black "djano"]
[Result "1-0"]
[WhiteElo "2838"]
[BlackElo "2478"]
[TimeControl "180+1"]
[EndTime "13:30:46 PDT"]
[Termination "Vaathi_Coming won by resignation"]

1. e4 e5 2. Nf3 Nc6 3. Bb5 Nf6 4. O-O Nxe4 5. Re1 Nd6 6. a4 Be7 7. d4 e4 8. Ne5 O-O 9. Nc3 f6 10. Nxc6 dxc6 11. Bf1 f5 12. Bf4 a5 13. f3 exf3 14.
Qxf3 Bf6 15. Rad1 Kh8 16. Be5 Qe7 17. Bd3 Qf7 18. Qf4 Bd7 19. Bxd6 cxd6 20. Qxd6 Rae8 21. Ne2 Bc8 22. c3 Qb3 23. Nf4 Qxa4 24. Re3 Qxd1+ 25. Bf1 Qd2 26. Re2 Qc1 27. g3 Rg8 28. Rf2 Bg5 29. Kg2 Bxf4 30. Rxf4 Qe3 31. Bc4 Be6 32. Rf3 Qe4 33.
Bd3 Qd5 34. Qf4 Bf7 35. Bxf5 g6 36. Bd3 Rgf8 37. c4 Qe6 38. Qh6 Qe7 39. Rf4 Kg8 40. Rh4 Be6 41. Bxg6 Qg7 42. Bxh7+ Kh8 43. Qh5 Bd5+ 44.
cxd5 Re2+ 45. Qxe2 Qxd4 46. Bf5+ Kg8 47. Rxd4 1-0